 Dungeon Crawl Stone Soup version 0.23-a0-99-g417c70ba38 (webtiles) character file.

531852 kirei the Hoplite (level 25, 0/153 HPs)
             Began as a Gargoyle Wanderer on July 27, 2018.
             Was a Priest of the Shining One.
             Splashed by an acid blob's acid (4 damage)
             ... created by the Royal Jelly
             ... on level 5 of the Pits of Slime on Aug 18, 2018.
             The game lasted 05:41:56 (45171 turns).

kirei the Hoplite (Gargoyle Wanderer)              Turns: 45171, Time: 05:41:56

Health: 0/153      AC: 43    Str: 34    XL:     25   Next: 66%
Magic:  0/30       EV: 17    Int: 21    God:    the Shining One [***...]
Gold:   2195       SH: 32    Dex: 21    Spells: 24/24 levels left

rFire    + + .     SeeInvis .   J - +11 scimitar of Attainder {flame, *Drain rN+ Int+4}
rCold    + . .     Gourm    .   a - +0 large shield
rNeg     + + +     Faith    .   V - +0 crystal plate armour of Pizin {rF+ Int+3 Dex+4}
rPois    ∞         Spirit   +   T - +2 hat of the Bear Spirit {Spirit, +Rage rN+ MR++}
rElec    +         Reflect  +   Y - scarf {rC+ rF+}
rCorr    .         Harm     .   Z - +2 pair of gloves {Str+3}
MR       ++++.                  z - +2 pair of boots
Stlth    ..........             M - +5 amulet of reflection
HPRegen  0.35/turn              r - +5 ring of slaying
MPRegen  0.22/turn              U - ring "Leinex" {rElec MR+ Str+7 Dex+5}

@: corroded, flying, glowing, studying Dodging
A: big wings, claws 1, hooves 1, deterioration 1, frail 1, negative energy
resistance 1, electricity resistance, unbreathing, petrification resistance, rot
immunity, AC +19
}: 3/15 runes: serpentine, barnacled, silver
a: Stop Flying, Divine Shield, Renounce Religion, Evoke Berserk Rage


You were on level 5 of the Pits of Slime.
You worshipped the Shining One.
The Shining One was most pleased with you.
You were not hungry.

You visited 8 branches of the dungeon, and saw 46 of its levels.
You visited the Abyss 1 time.
You visited 2 bazaars.
You also visited: Trove, Bailey and Desolation.

You collected 6582 gold pieces.
You spent 4387 gold pieces at shops.

Inventory:

Hand Weapons
 J - the +11 scimitar of Attainder (weapon) {flame, *Drain rN+ Int+4}
   (You found it on level 11 of the Dungeon)

   It has been specially enchanted to burn those struck by it, causing extra
   injury to most foes and up to half again as much damage against particularly
   susceptible opponents.
   Big, fiery blades are also staple armaments of hydra-hunters.
   It affects your intelligence (+4).
   It protects you from negative energy.
   It causes draining when unequipped.
Armour
 a - a +0 large shield (worn)
 n - a +2 helmet of see invisible
 z - a +2 pair of boots (worn)
 K - a +1 cloak of magic resistance
 Q - a scarf of repulsion
 T - the +2 hat of the Bear Spirit (worn) {Spirit, +Rage rN+ MR++}
   (You found it in a treasure trove)

   It protects you from negative energy.
   It affects your resistance to hostile enchantments.
   It lets you go berserk.
 V - the +0 crystal plate armour of Pizin (worn) {rF+ Int+3 Dex+4}
   (You found it in a treasure trove)

   It affects your intelligence (+3).
   It affects your dexterity (+4).
   It protects you from fire.
 Y - a scarf of resistance (worn)
 Z - a +2 pair of gloves of strength (worn)
Jewellery
 r - a +5 ring of slaying (left hand)
 u - a +5 ring of evasion
 F - an uncursed ring of protection from fire
 G - an uncursed ring of protection from cold
 M - a +5 amulet of reflection (around neck)
 U - the ring "Leinex" (right hand) {rElec MR+ Str+7 Dex+5}
   (You found it in the Desolation of Salt)

   [ring of protection from magic]

   It affects your strength (+7).
   It affects your dexterity (+5).
   It insulates you from electricity.
   It affects your resistance to hostile enchantments.
Wands
 l - a wand of paralysis (23)
 x - a wand of polymorph (36)
 C - a wand of disintegration (13)
 I - a wand of acid (8)
 N - a wand of iceblast (5)
 W - a wand of enslavement (24)
Scrolls
 b - 3 scrolls of fear
 i - 14 scrolls of remove curse
 j - 18 scrolls of teleportation
 o - 7 scrolls of identify
 p - 2 scrolls of fog
 q - a scroll of enchant armour
 t - 8 scrolls of blinking
 v - 10 scrolls of magic mapping
 y - 2 scrolls of immolation
 D - a scroll of silence
 H - 2 scrolls of amnesia
 R - a scroll of brand weapon
Potions
 c - 3 potions of resistance
 e - 4 potions of agility
 g - 4 potions of ambrosia
 h - 22 potions of curing
 k - 7 potions of haste
 m - 2 potions of magic
 s - 2 potions of mutation
 E - 4 potions of might
 P - 2 potions of cancellation
 X - 3 potions of brilliance
Books
 L - a manual of Dodging
Miscellaneous
 d - 3 phantom mirrors
 A - a lightning rod (4/4)
 S - a lamp of fire
Comestibles
 f - 55 rations


   Skills:
 + Level 20.9 Fighting
 + Level 18.5 Long Blades
   Level 10.8 Maces & Flails
 + Level 19.2 Armour
 + Level 14.2 Dodging
 - Level 2.1 Stealth
 + Level 22.8 Shields
 + Level 9.7 Invocations


You had 24 spell levels left.
You didn't know any spells.
Your spell library contained the following spells:

 Spells                   Type           Power        Failure   Level  Hunger
 Animate Skeleton         Necr           N/A          89%         1    ##.....
 Apportation              Tloc           #.....       89%         1    ##.....
 Beastly Appendage        Tmut           #.....       89%         1    ##.....
 Confusing Touch          Hex            #.....       89%         1    ##.....
 Corona                   Hex            #......      89%         1    ##.....
 Flame Tongue             Conj/Fire      #....        89%         1    ##.....
 Freeze                   Ice            #...         89%         1    ##.....
 Infusion                 Chrm           #...         89%         1    ##.....
 Magic Dart               Conj           #...         89%         1    ##.....
 Sandblast                Erth           #.....       89%         1    ##.....
 Sting                    Conj/Pois      #...         89%         1    ##.....
 Summon Butterflies       Summ           #.......     89%         1    ##.....
 Summon Small Mammal      Summ           #...         89%         1    ##.....
 Blink                    Tloc           N/A          96%         2    ###....
 Call Imp                 Summ           #.......     96%         2    ###....
 Ensorcelled Hibernation  Hex/Ice        #.....       96%         2    ###....
 Passwall                 Tmut/Erth      #.......     96%         2    ###....
 Poisonous Vapours        Pois/Air       #.....       96%         2    ###....
 Searing Ray              Conj           #.....       96%         2    ###....
 Shroud of Golubria       Chrm/Tloc      #.........   96%         2    ###....
 Slow                     Hex            #.......     96%         2    ###....
 Song of Slaying          Chrm           #.......     96%         2    ###....
 Sticks to Snakes         Tmut           #.......     96%         2    ###....
 Swiftness                Chrm/Air       #.......     96%         2    ###....
 Throw Flame              Conj/Fire      #.....       96%         2    ###....
 Throw Frost              Conj/Ice       #.....       96%         2    ###....
 Call Canine Familiar     Summ           #.......     99%         3    ####...
 Confuse                  Hex            #.......     99%         3    ####...
 Conjure Flame            Conj/Fire      #.......     99%         3    ####...
 Dazzling Spray           Conj/Hex       #.....       99%         3    ####...
 Gell's Gravitas          Tloc           #.........   99%         3    ####...
 Ignite Poison            Fire/Tmut/Pois #.......     99%         3    ####...
 Inner Flame              Hex/Fire       #.......     99%         3    ####...
 Lesser Beckoning         Tloc           #.........   99%         3    ####...
 Mephitic Cloud           Conj/Pois/Air  #.......     99%         3    ####...
 Ozocubu's Armour         Chrm/Ice       #.......     99%         3    ####...
 Portal Projectile        Hex/Tloc       #.....       99%         3    ####...
 Recall                   Summ/Tloc      N/A          99%         3    ####...
 Regeneration             Chrm/Necr      #.........   99%         3    ####...
 Spectral Weapon          Hex/Chrm       #.......     99%         3    ####...
 Spider Form              Tmut/Pois      #.........   99%         3    ####...
 Static Discharge         Conj/Air       #.......     99%         3    ####...
 Stone Arrow              Conj/Erth      #.....       99%         3    ####...
 Tukima's Dance           Hex            #.......     99%         3    ####...
 Cause Fear               Hex            #.........   100%        4    #####..
 Force Lance              Conj/Tloc      #.......     100%        4    #####..
 Fulminant Prism          Conj/Hex       #.........   100%        4    #####..
 Ice Form                 Ice/Tmut       #.......     100%        4    #####..
 Iskenderun's Mystic Bla  Conj           #.......     100%        4    #####..
 Leda's Liquefaction      Hex/Erth       #.........   100%        4    #####..
 Olgreb's Toxic Radiance  Pois           #.......     100%        4    #####..
 Petrify                  Tmut/Erth      #.......     100%        4    #####..
 Sticky Flame             Conj/Fire      #.......     100%        4    #####..
 Summon Ice Beast         Ice/Summ       #.......     100%        4    #####..
 Throw Icicle             Conj/Ice       #.......     100%        4    #####..
 Alistair's Intoxication  Tmut/Pois      #.......     100%        5    ######.
 Aura of Abjuration       Summ           #.........   100%        5    ######.
 Blade Hands              Tmut           #.........   100%        5    ######.
 Borgnjor's Vile Clutch   Necr/Erth      #.........   100%        5    ######.
 Fireball                 Conj/Fire      #.........   100%        5    ######.
 Lee's Rapid Deconstruct  Erth           #.........   100%        5    ######.
 Metabolic Englaciation   Hex/Ice        #.........   100%        5    ######.
 Silence                  Hex/Air        #.........   100%        5    ######.
 Summon Demon             Summ           #.........   100%        5    ######.
 Summon Forest            Summ/Tloc      #.........   100%        5    ######.
 Summon Mana Viper        Hex/Summ       #.......     100%        5    ######.
 Venom Bolt               Conj/Pois      #.........   100%        5    ######.
 Yara's Violent Unravell  Hex/Tmut       #.........   100%        5    ######.
 Bolt of Fire             Conj/Fire      #.........   100%        6    #######
 Darkness                 Hex            #.........   100%        6    #######
 Freezing Cloud           Conj/Ice/Air   #.........   100%        6    #######
 Invisibility             Hex            #.......     100%        6    #######
 Iron Shot                Conj/Erth      #.........   100%        6    #######
 Ozocubu's Refrigeration  Ice            #.........   100%        6    #######
 Shadow Creatures         Summ           N/A          100%        6    #######
 Malign Gateway           Summ/Tloc      #.........   100%        7    #######
 Ring of Flames           Chrm/Fire      #.........   100%        7    #######
 Summon Hydra             Summ           #.........   100%        7    #######
 Disjunction              Tloc           #.........   100%        8    #######
 Ignition                 Fire           #.........   100%        8    #######
 Statue Form              Tmut/Erth      Unusable     N/A         6    N/A

Dungeon Overview and Level Annotations

Branches:
Dungeon (15/15)            Temple (0/1) D:4            Lair (6/6) D:9
 Shoals (4/4) Lair:2        Snake (4/4) Lair:2        Slime (5/5) Lair:5
    Orc (2/2) D:9             Elf (0/3) Orc:2        Vaults (5/5) D:14
  Crypt (0/3) Vaults:2     Depths (5/5) D:15            Zot (0/5) Depths:5

Altars:
Ashenzari
Cheibriados
Dithmenos
Elyvilon
Fedhas
Hepliaklqana
Kikubaaqudgha
Okawaru
Qazlal
Sif Muna
Uskayaw
Wu Jian
Xom
Yredelemnul
The Shining One
Beogh
Jiyva

Shops:
Orc:2 (}??   Shoals:1 (   Snake:3 %[   Vaults:4 =   Vaults:5 =(%%%?%%!?
Depths:5 *

Portals:
Hell: Depths:1 Depths:2 Depths:3 Depths:4 Depths:5
Abyss: Depths:1 Depths:2 Depths:4
Pandemonium: Depths:2 Depths:3 Depths:5
Ziggurat: Depths:3

Annotations:
D:15 1 runed door
Slime:5 Royal Jelly
Vaults:1 3 runed doors


Innate Abilities, Weirdness & Mutations

You are resistant to torment.
Your stone body is resilient. (AC +19)
You are immune to poison.
Your large and strong wings let you fly indefinitely.
You resist negative energy. (rN+)
You are resistant to electric shocks. (rElec)
You can survive without breathing.
You are immune to petrification.
You are immune to rotting.
You have sharp fingernails.
You have large cloven feet.
Your body sometimes deteriorates upon taking damage.
You are frail. (-10% HP)


Message History

* * * LOW HITPOINT WARNING * * *
The acid blob is lightly wounded.
You block the acid blob's attack.
You slice the acid blob!! You burn the acid blob!
Your hands burn!
* * * LOW HITPOINT WARNING * * *
The acid blob is heavily wounded.
The acid blob spits acid at you. The splash of acid hits you!
The acid corrodes you!
You are splashed with acid!
The acid burns!
* * * LOW HITPOINT WARNING * * *
You completely miss the acid blob.
The acid blob is heavily wounded.
You block the acid blob's attack.
You hit the acid blob. You burn the acid blob. The acid corrodes you!
Your hands burn!
* * * LOW HITPOINT WARNING * * *
The acid blob is heavily wounded.
You block the acid blob's attack.
You slice the acid blob!! You burn the acid blob!
Your hands burn!
You die...

##....###
........#### .....
...........## .....
............#####
.....
..............#.#
.....
................#
...J.
................####
.....
......J@...........##
.....
....................#
.....
.....................
.....
.....................
.....
.....................
.....
.....................
.....
.....................
.....
.....................
.....
.................


You could see an acid blob.

Vanquished Creatures
  Mara (Vaults:3)
  A juggernaut (Depths:2)
  2 ancient liches (Vaults:5)
  Sojobo (Depths:5)
  Margery (Vaults:2)
  A caustic shrike (Depths:2)
  A golden dragon (Vaults:5)
  Jory (Vaults:2)
  A tentacled monstrosity (Vaults:5)
  4 liches
  8 titans
  2 quicksilver dragons
  4 deep elf blademasters
  Asterion (Snake:1)
  5 acid blobs (Slime:5)
  2 krakens (Shoals:1)
  7 sphinxes
  Frances (Snake:1)
  4 storm dragons
  7 shadow dragons
  10 tengu reavers
  An azure jelly (Slime:5)
  7 nagarajas
  Roxanne (Shoals:2)
  19 fire giants
  15 frost giants
  12 vault wardens
  An iron dragon (Vaults:5)
  An orc warlord (Orc:2)
  An imperial myrmidon (Desolation)
  A draconian shifter (Depths:5)
  An angel (D:15)
  The ghost of olegrum the Carver, a journeyman BaFi of Okawaru (D:13)
  2 deep elf elementalists (Vaults:5)
  13 ironheart preservers
  A stone giant (shapeshifter) (Vaults:5)
  16 very ugly things
  2 green draconians (Depths:5)
  3 war gargoyles (Vaults:5)
  15 stone giants
  A lorocyproca (Depths:3)
  Nessos (D:13)
  A deep elf demonologist (Vaults:5)
  6 large abominations
  A white draconian (Depths:5)
  A vampire knight (Depths:3)
  A yellow draconian (Depths:5)
  A deep elf annihilator (Vaults:5)
  12 spark wasps
  A halazid warlock (Desolation)
  Snorg (Lair:3)
  2 crystal guardians (Vaults:3)
  A green death (Depths:3)
  11 fire dragons
  3 merfolk javelineers (Shoals:4)
  11 ettins
  A deep elf death mage (Vaults:3)
  21 yaktaur captains
  4 merfolk impalers
  22 ogre magi
  3 jiangshi (Depths:3)
  Erolcha (D:13)
  6 great orbs of eyes
  3 deep elf high priests (Vaults:5)
  14 naga warriors
  The ghost of flinch the Geomancer, a journeyman OpEE of Dithmenos (D:12)
  5 rakshasas
  7 ice dragons
  32 vault guards
  7 hydras
  8 ragged hierophants (Desolation)
  11 peacekeepers
  2 servants of whispers (Desolation)
  A catoblepas (D:15)
  Harold (D:9)
  5 merfolk aquamancers (Shoals:4)
  An alligator (Lair:6)
  2 spriggan air magi
  11 deep troll shamans
  10 anacondas
  A death knight (Vaults:2)
  3 merfolk avatars
  A death yak (D:9)
  7 centaur warriors
  62 two-headed ogres
  An alligator snapping turtle (Shoals:1)
  Erica (Orc:1)
  5 satyrs
  7 deep troll earth magi
  2 vampire magi
  6 shock serpents
  5 tengu warriors
  A dancing weapon (Vaults:5)
  An orc high priest (Orc:2)
  2 spriggan berserkers
  A queen ant (Lair:3)
  16 naga sharpshooters
  A sun demon (Depths:3)
  2 soul eaters (Depths:3)
  3 spriggans (Depths:3)
  8 deep elf knights
  A fire crab (shapeshifter) (Depths:1)
  2 salamander mystics
  A fire crab (Lair:6)
  2 sixfirhies (Depths:3)
  A shadow wraith (Vaults:5)
  7 skeletal warriors
  23 hell knights
  5 iron trolls (Depths:4)
  An unseen horror (shapeshifter) (D:14)
  A death drake (shapeshifter) (Vaults:5)
  36 deep trolls
  A flayed ghost (Vaults:4)
  10 sea snakes
  8 wizards
  2 glowing orange brains
  A gelid demonspawn (Depths:3)
  2 unseen horrors
  9 naga ritualists
  8 deep elf archers
  20 ironbrand convokers
  A phantasmal warrior (Vaults:5)
  2 wolf spider zombies (D:14)
  5 necromancers
  14 orc knights
  5 orc sorcerers
  2 frost giant zombies (D:15)
  11 salamanders
  16 deep elf magi
  3 shining eyes
  A cyclops (D:11)
  5 mana vipers
  A shining eye (shapeshifter) (Vaults:5)
  A stone giant zombie (D:15)
  11 wolf spiders
  23 fauns
  A cyclops (shapeshifter) (Vaults:4)
  51 ugly things
  11 manticores
  3 centaur zombies
  A fire giant zombie (Vaults:4)
  A faun (shapeshifter) (Vaults:5)
  8 elephants
  An eye of devastation (shapeshifter) (Vaults:5)
  A water nymph (shapeshifter) (Depths:1)
  8 merfolk sirens
  7 guardian serpents
  28 naga magi
  Maurice (D:8)
  A gargoyle (D:10)
  An elephant (shapeshifter) (Vaults:2)
  6 water nymphs
  2 eyes of devastation (Slime:5)
  14 vault sentinels
  39 black mambas
  An orange demon (Depths:3)
  A spiny frog (shapeshifter) (Depths:3)
  A torpor snail (shapeshifter) (D:14)
  4 kobold demonologists
  20 spiny frogs
  38 yaktaurs
  8 komodo dragons
  A tormentor (Depths:3)
  6 freezing wraiths
  A hellwing (Depths:3)
  A yaktaur (shapeshifter) (D:10)
  7 tengu conjurers
  3 ice devils (Depths:3)
  3 wind drakes
  13 trolls
  A hornet (shapeshifter) (Depths:5)
  30 merfolk
  A queen bee (D:10)
  62 saltlings
  12 polar bears (Lair:6)
  13 hornets
  15 slime creatures
  A blink frog (Vaults:1)
  12 hippogriffs
  Grinder (D:3)
  An ettin zombie (D:15)
  2 raiju (Lair:6)
  9 snapping turtles
  A fire giant simulacrum (Vaults:3)
  3 redbacks (Lair:6)
  A vampire (D:10)
  A dire elephant simulacrum (Lair:5)
  16 water elementals
  2 spriggans (shapeshifter)
  A shadow (D:15)
  2 ynoxinuls (Depths:3)
  21 yaks
  14 wyverns
  A wraith (D:14)
  6 basilisks
  2 hogs (shapeshifter)
  2 hungry ghosts
  A human (shapeshifter) (Depths:2)
  4 chaos spawn (Depths:3)
  A human simulacrum (Vaults:2)
  A neqoxec (Depths:3)
  15 wargs
  56 nagas
  8 soldier ants
  A hydra simulacrum (Lair:5)
  15 hell hounds (Lair:6)
  An acid dragon (D:10)
  Duvessa (D:4)
  A floating eye (Depths:4)
  3 porcupines
  51 orc warriors
  18 water moccasins
  An ice beast (D:8)
  2 eyes of draining
  12 black bears
  2 necrophages
  3 phantoms
  A sky beast (D:13)
  46 ogres
  3 boggarts (Depths:3)
  22 wolves
  17 centaurs
  11 crocodiles
  2 big kobolds
  6 small abominations (Depths:1)
  10 bullfrogs
  A gnoll sergeant (D:8)
  A deep troll simulacrum (Vaults:3)
  Dowan (D:4)
  A wyvern skeleton (D:8)
  An elf simulacrum (Vaults:2)
  8 scorpions
  21 killer bees (D:10)
  7 wights
  6 electric eels
  6 howler monkeys
  3 crimson imps
  A bullfrog zombie (D:5)
  2 quasits
  5 hounds
  A komodo dragon simulacrum (Lair:5)
  5 jellies
  33 orc priests
  A bullfrog skeleton (D:8)
  11 centaur skeletons
  2 iguanas
  Natasha (thrice) (D:4)
  32 orc wizards
  29 worker ants
  A killer bee zombie (D:8)
  A bullfrog simulacrum (Lair:5)
  A hound zombie (D:5)
  A porcupine simulacrum (Lair:5)
  2 hound skeletons
  A crocodile simulacrum (Lair:5)
  6 gnolls
  7 adders
  A howler monkey skeleton (D:4)
  5 shadow imps
  A white imp (Vaults:3)
  2 adder skeletons (D:5)
  2 worms
  3 dart slugs
  4 leopard geckos
  105 orcs
  4 giant cockroaches
  15 goblins
  16 hobgoblins
  20 jackals
  9 kobolds
  2 quokkas
  2 ball pythons
  6 bats
  6 frilled lizards
  A jackal skeleton (D:6)
  A leopard gecko skeleton (D:4)
  A quokka zombie (D:7)
  2 rats
  A tentacle (Shoals:1)
2041 creatures vanquished.

Vanquished Creatures (collateral kills)
  A naga warrior (Snake:1)
  A satyr (Shoals:4)
  A naga sharpshooter (Snake:1)
  A sea snake (Shoals:4)
  3 merfolk (Shoals:4)
7 creatures vanquished.

Vanquished Creatures (others)
  2 deep elf master archers (Slime:1)
  A tengu reaver (Depths:5)
  A merfolk impaler (Shoals:4)
  A naga warrior (Snake:4)
  A deep troll shaman (Depths:5)
  A deep troll earth mage (Depths:5)
  A deep troll (Depths:4)
  A faun (Shoals:4)
  A manticore (Shoals:4)
  A black mamba (Snake:4)
  6 yaktaurs
  A merfolk (Shoals:4)
  2 nagas (Snake:4)
  A small abomination (Depths:1)
  An ogre (Vaults:4)
  An orc wizard (Orc:2)
  14 fungi
  54 plants
  10 tentacles (Shoals:1)
  A withered plant (D:15)
102 creatures vanquished.

Grand Total: 2150 creatures vanquished

Notes
Turn   | Place    | Note
-------+----------+-------------------------------------------
     0 | D:1      | kirei the Gargoyle Wanderer began the quest for the Orb.
     0 | D:1      | kirei set off with: a +2 dagger, a scroll of fear, a +0 ring mail, a +0 spear, a ration
     0 | D:1      | Reached XP level 1. HP: 20/20 MP: 1/1
    74 | D:1      | Reached XP level 2. HP: 25/25 MP: 2/2
   676 | D:2      | Reached XP level 3. HP: 18/29 MP: 3/3
   807 | D:2      | Found an iron altar of Okawaru.
   832 | D:2      | Became a worshipper of Warmaster Okawaru
   983 | D:2      | Found a shadowy altar of Dithmenos.
  1544 | D:3      | Found a white marble altar of Elyvilon.
  1801 | D:3      | Reached skill level 1 in Maces & Flails
  1815 | D:3      | Reached XP level 4. HP: 35/35 MP: 4/4
  1932 | D:3      | Reached skill level 1 in Invocations
  2054 | D:3      | Noticed Grinder
  2067 | D:3      | Killed Grinder
  2067 | D:3      | Reached skill level 2 in Shields
  2067 | D:3      | Reached XP level 5. HP: 26/39 MP: 4/6
  2067 | D:3      | Reached XP level 6. HP: 30/44 MP: 4/7
  2253 | D:4      | Noticed a phantom
  2254 | D:4      | Noticed a water moccasin
  2282 | D:4      | Killed a water moccasin
  2282 | D:4      | Reached skill level 3 in Shields
  2296 | D:4      | Killed a phantom
  2296 | D:4      | Reached * piety under Okawaru
  2296 | D:4      | Reached XP level 7. HP: 17/49 MP: 7/9
  2505 | D:4      | Noticed Duvessa
  2521 | D:4      | Killed Duvessa
  2521 | D:4      | Reached skill level 4 in Shields
  2525 | D:4      | Noticed Dowan
  2525 | D:4      | Noticed Natasha
  2538 | D:4      | Killed Natasha
  2544 | D:4      | Killed Dowan
  2694 | D:4      | Noticed Natasha
  2703 | D:4      | Killed Natasha
  2709 | D:4      | Noticed Natasha
  2711 | D:4      | Upgraded the game from 0.22-a0-855-g415d086bb8 to 0.22-a0-897-g1b7a381375
  2721 | D:4      | Killed Natasha
  2723 | D:4      | Reached skill level 5 in Shields
  2840 | D:4      | Reached skill level 5 in Maces & Flails
  2840 | D:4      | Reached XP level 8. HP: 48/54 MP: 10/10
  2902 | D:4      | Reached ** piety under Okawaru
  2946 | D:4      | Found a staircase to the Ecumenical Temple.
  3209 | D:4      | Found a shattered altar of Ashenzari.
  3312 | D:5      | Entered Level 5 of the Dungeon
  3681 | D:5      | Reached skill level 6 in Shields
  3900 | D:5      | Found a deep blue altar of Sif Muna.
  4473 | D:6      | Found an ornate altar of the Wu Jian Council.
  4548 | D:6      | Found a snail-covered altar of Cheibriados.
  4580 | D:6      | Found a hazy altar of Hepliaklqana.
  4642 | D:6      | Reached XP level 9. HP: 55/60 MP: 12/12
  4973 | D:7      | Found a hide-covered altar of Uskayaw.
  4974 | D:7      | Noticed a hand axe
  4974 | D:7      | Noticed a dagger
  5120 | D:7      | Reached skill level 7 in Shields
  5437 | D:7      | Found an ancient bone altar of Kikubaaqudgha.
  5439 | D:7      | Reached skill level 5 in Invocations
  5840 | D:8      | Found a stormy altar of Qazlal.
  6078 | D:8      | Reached *** piety under Okawaru
  6134 | D:8      | Found a shimmering altar of Xom.
  6154 | D:8      | Noticed Maurice
  6161 | D:8      | Killed Maurice
  6161 | D:8      | Reached skill level 8 in Shields
  6655 | D:9      | Noticed a two-headed ogre
  6665 | D:9      | Killed a two-headed ogre
  6665 | D:9      | Reached **** piety under Okawaru
  6665 | D:9      | Reached skill level 9 in Shields
  6665 | D:9      | Reached XP level 10. HP: 66/66 MP: 13/13
  6837 | D:9      | Found a staircase to the Orcish Mines.
  6869 | D:9      | Noticed Harold
  6889 | D:9      | Killed Harold
  6936 | D:9      | Reached skill level 5 in Armour
  7048 | D:9      | Found a staircase to the Lair.
  7048 | D:9      | Noticed a death yak
  7071 | D:9      | Killed a death yak
  7071 | D:9      | Received a gift from Okawaru
  7071 | D:9      | Reached skill level 10 in Fighting
  7258 | D:10     | Entered Level 10 of the Dungeon
  7289 | D:10     | Reached skill level 10 in Shields
  7296 | D:10     | Reached ***** piety under Okawaru
  7334 | D:10     | Reached XP level 11. HP: 72/72 MP: 14/14
  7493 | D:10     | Found a blossoming altar of Fedhas.
  7586 | D:10     | Noticed a wolf spider
  7591 | D:10     | Killed a wolf spider
  7625 | D:10     | Noticed an orc knight
  7644 | D:10     | Killed an orc knight
  7644 | D:10     | Received a gift from Okawaru
  7644 | D:10     | Reached skill level 10 in Maces & Flails
  7729 | D:10     | Killed an unseen horror
  7730 | D:10     | Noticed a salamander
  7730 | D:10     | a salamander changed into a meliai
  7900 | D:10     | Reached skill level 11 in Shields
  8018 | D:10     | Noticed a deep elf archer
  8040 | D:10     | Killed a deep elf archer
  8507 | D:11     | Noticed an ogre mage
  8519 | D:11     | Noticed a cyclops
  8535 | D:11     | Killed a cyclops
  8600 | D:11     | Got a shadowed robe
  8611 | D:11     | Identified the +4 robe of Duzxaica {Regen+ Str+8 Dex-4} (You found it on level 11 of the Dungeon)
  8631 | D:11     | Noticed a five-headed hydra
  8642 | D:11     | Killed a five-headed hydra
  8670 | D:11     | Received a gift from Okawaru
  8734 | D:11     | Got a crude scimitar
  8735 | D:11     | Identified the +11 scimitar of Attainder {flame, *Drain rN+ Int+4} (You found it on level 11 of the Dungeon)
  9058 | D:11     | Reached skill level 1 in Long Blades
  9115 | D:11     | Reached XP level 12. HP: 79/79 MP: 15/15
  9531 | D:12     | Found a runed door.
  9537 | D:12     | Noticed flinch's ghost (journeyman OpEE)
  9550 | D:12     | Killed flinch's ghost
  9969 | D:13     | Noticed Erolcha
  9975 | D:13     | Killed Erolcha
  9995 | D:13     | Found a runed gate.
  9995 | D:13     | Found a runed gate.
 10004 | D:13     | Found a runed gate.
 10007 | D:13     | Noticed olegrum's ghost (journeyman BaFi)
 10038 | D:13     | Reached skill level 12 in Shields
 10048 | D:13     | Found a roughly hewn altar of Beogh.
 10099 | D:13     | Killed olegrum's ghost
 10127 | D:13     | Got a polished chain mail
 10178 | D:13     | Identified the cursed +1 chain mail of Undesirable Species {rPois Str+3} (You took it off an orc warrior on level 13 of the Dungeon)
 10292 | D:13     | Noticed Nessos
 10297 | D:13     | Killed Nessos
 10297 | D:13     | Received a gift from Okawaru
 10297 | D:13     | Reached ****** piety under Okawaru
 10297 | D:13     | Reached skill level 5 in Long Blades
 10540 | D:13     | Noticed a four-headed hydra
 10547 | D:13     | Killed a one-headed hydra
 10547 | D:13     | Received a gift from Okawaru
 10681 | D:13     | Noticed a seven-headed hydra
 10690 | D:13     | Killed a one-headed hydra
 10690 | D:13     | Reached XP level 13. HP: 71/85 MP: 16/16
 10937 | D:14     | Found an ancient bone altar of Kikubaaqudgha.
 11277 | D:14     | Found a gate to the Vaults.
 11334 | D:15     | Entered Level 15 of the Dungeon
 11447 | D:15     | Noticed an ogre mage
 11459 | D:15     | Killed an ogre mage
 11466 | D:15     | Received a gift from Okawaru
 11466 | D:15     | Reached skill level 13 in Shields
 11916 | D:14     | Upgraded the game from 0.22-a0-897-g1b7a381375 to 0.23-a0-79-gaa8cc03057
 12009 | D:15     | Gained mutation: Your large and strong wings let you fly indefinitely. [Gargoyle growth]
 12009 | D:15     | Reached XP level 14. HP: 92/92 MP: 14/19
 12083 | D:15     | Found a staircase to the Depths.
 12433 | D:15     | Noticed an angel
 12434 | D:15     | Found a glowing golden altar of the Shining One.
 12441 | D:15     | Found a runed door.
 12472 | D:15     | Killed an angel
 12472 | D:15     | Received a gift from Okawaru
 12789 | Lair:1   | Entered Level 1 of the Lair of Beasts
 13792 | Lair:2   | Found a staircase to the Snake Pit.
 13798 | Lair:2   | Reached skill level 10 in Long Blades
 14095 | Lair:2   | Found a staircase to the Shoals.
 14554 | Lair:3   | Noticed Snorg
 14561 | Lair:3   | Killed Snorg
 14855 | Lair:3   | Reached skill level 14 in Shields
 15503 | Lair:4   | Found the +3 giant club "Skullcrusher" {speed, Str+7}
 15981 | Lair:5   | Received a gift from Okawaru
 16162 | Lair:5   | Found a labyrinth entrance.
 16169 | Lair:5   | Found a transporter.
 16171 | Lair:5   | Found a viscous altar of Jiyva.
 16175 | Lair:5   | Found a staircase to the Slime Pits.
 16232 | Lair:5   | Found a transporter.
 16410 | Lair:5   | Reached XP level 15. HP: 100/100 MP: 20/20
 16611 | Lair:5   | Got a crystal war axe
 16612 | Lair:5   | Identified the +11 war axe of Yredelemnul's Esteem {flame, MR+ Int+4 Stlth+} (You found it on level 5 of the Lair of Beasts)
 16760 | Lair:6   | Entered Level 6 of the Lair of Beasts
 16790 | Lair:6   | Reached skill level 10 in Armour
 17388 | Lair:6   | Received a gift from Okawaru
 17389 | Lair:6   | Got an ichor-stained hat {god gift}
 17507 | Lair:6   | Identified the +1 hat "Sile" {Stlth+} (Okawaru gifted it to you on level 6 of the Lair of Beasts)
 18461 | Orc:1    | Entered Level 1 of the Orcish Mines
 18708 | Orc:1    | Found a deep blue altar of Sif Muna.
 18727 | Orc:1    | Identified Sif Muna's Catalogue of Sinister Rituals
 18799 | Orc:1    | Found a flagged portal.
 18828 | Bailey   | Entered a bailey
 18867 | Bailey   | Found an iron altar of Okawaru.
 19307 | Orc:1    | Noticed Erica
 19314 | Orc:1    | Killed Erica
 19379 | Orc:2    | Entered Level 2 of the Orcish Mines
 19821 | Orc:2    | Found a staircase to the Elven Halls.
 19834 | Orc:2    | Noticed an orc warlord
 19835 | Orc:2    | Reached skill level 15 in Shields
 19843 | Orc:2    | Reached XP level 16. HP: 105/107 MP: 21/21
 19932 | Orc:2    | Received a gift from Okawaru
 19966 | Orc:2    | Found Kyedyopi's Magic Scroll Shop.
 19974 | Orc:2    | Found Qaofroishryi's Magic Scroll Shop.
 19997 | Orc:2    | Found Ummiomas's Gadget Boutique.
 19997 | Orc:2    | Found Zokkef's Weapon Boutique.
 20103 | Orc:2    | Got a steaming helmet
 20114 | Orc:2    | Identified the +0 helmet of Subjectivity {+Inv Int+3} (You acquired it on level 2 of the Orcish Mines)
 20140 | Orc:2    | Bought a scroll of holy word for 90 gold pieces
 20646 | Snake:1  | Entered Level 1 of the Snake Pit
 20678 | Snake:1  | Received a gift from Okawaru
 20985 | Snake:1  | Reached skill level 1 in Dodging
 21084 | Snake:1  | Noticed Asterion
 21084 | Snake:1  | Noticed Frances
 21104 | Snake:1  | Killed Asterion
 21120 | Snake:1  | Killed Frances
 21216 | Snake:1  | Reached skill level 15 in Fighting
 21274 | Snake:1  | Paralysed by a naga for 5 turns
 22001 | Snake:2  | Received a gift from Okawaru
 22019 | Snake:2  | Noticed a nagaraja
 22028 | Snake:2  | Killed a nagaraja
 22334 | Snake:3  | Found Soditobb's Food Shop.
 22386 | Snake:3  | Reached XP level 17. HP: 111/113 MP: 19/22
 22632 | Snake:3  | Received a gift from Okawaru
 22771 | Snake:3  | Found Zuadas's Antique Armour Shop.
 22779 | Snake:3  | Bought a runed cloak for 217 gold pieces
 22913 | Snake:4  | Entered Level 4 of the Snake Pit
 23271 | Snake:4  | Received a gift from Okawaru
 23285 | Snake:4  | Got a twisted morningstar {god gift}
 23286 | Snake:4  | Identified the +2 morningstar of Fee Simple {crush, rC+ Int+3} (Okawaru gifted it to you on level 4 of the Snake Pit)
 23640 | Snake:4  | Reached skill level 5 in Dodging
 23748 | Snake:4  | Received a gift from Okawaru
 24112 | Snake:4  | Reached XP level 18. HP: 116/120 MP: 19/23
 24381 | Snake:4  | Got a serpentine rune of Zot
 24668 | Shoals:1 | Entered Level 1 of the Shoals
 24711 | Shoals:1 | Found Xaas's Weapon Shop.
 25737 | Shoals:1 | Found a blossoming altar of Fedhas.
 25854 | Shoals:2 | Received a gift from Okawaru
 25854 | Shoals:2 | Reached skill level 16 in Shields
 25862 | Shoals:2 | Got a bloodstained cloak {god gift}
 25873 | Shoals:2 | Identified the +1 cloak of Oblivion {+Inv rC- Int+7} (Okawaru gifted it to you on level 2 of the Shoals)
 25897 | Shoals:2 | Noticed Roxanne
 25928 | Shoals:2 | Killed Roxanne
 26015 | Shoals:2 | Identified Roxanne's Handbook of the Rocks (You took it off Roxanne on level 2 of the Shoals)
 27318 | Shoals:3 | Reached skill level 15 in Long Blades
 27671 | Shoals:4 | Entered Level 4 of the Shoals
 27786 | Shoals:4 | Received a gift from Okawaru
 28116 | Shoals:4 | Reached XP level 19. HP: 124/127 MP: 24/24
 28235 | Shoals:4 | Got a barnacled rune of Zot
 28482 | Vaults:1 | Entered Level 1 of the Vaults
 28884 | Vaults:1 | Found a runed gate.
 28884 | Vaults:1 | Found a runed gate.
 28884 | Vaults:1 | Found a runed gate.
 28885 | Vaults:1 | Noticed a tentacled monstrosity
 28954 | Vaults:1 | Got a warped short sword
 28955 | Vaults:1 | Identified the +7 short sword of True Grit {elec, *Drain Str+5 Dex+5} (You found it on level 1 of the Vaults)
 29059 | Vaults:1 | Received a gift from Okawaru
 29060 | Vaults:1 | Got a transparent cloak {god gift}
 29085 | Vaults:1 | Identified the +2 cloak of the Dwarven Hall {rElec} (Okawaru gifted it to you on level 1 of the Vaults)
 29512 | Vaults:1 | Noticed a tentacled monstrosity
 29513 | Vaults:1 | Noticed a tentacled monstrosity
 29516 | Vaults:1 | Noticed a tentacled monstrosity
 29670 | Vaults:2 | Upgraded the game from 0.23-a0-79-gaa8cc03057 to 0.23-a0-94-g44dc95ea49
 29713 | Vaults:2 | Found a ruined gateway.
 29717 | Desolati | Entered the Desolation of Salt
 29780 | Desolati | Got an ancient wooden ring
 29788 | Desolati | Identified Sif Muna's Handbook of the Twisted Arsonist
 29796 | Desolati | Identified the ring of the Mutiny {*Tele rElec} (You found it in the Desolation of Salt)
 29801 | Desolati | Got a translucent bronze ring
 29804 | Desolati | Got a slimy chain mail
 29925 | Desolati | Reached skill level 17 in Shields
 29977 | Desolati | Identified the ring "Leinex" {rElec MR+ Str+7 Dex+5} (You found it in the Desolation of Salt)
 29980 | Desolati | Identified the cursed +0 chain mail of Resourcefulness {rF+ rCorr SInv} (You found it in the Desolation of Salt)
 30005 | Desolati | Reached skill level 15 in Armour
 30264 | Desolati | Identified the Tome of Damaging Orientation
 30267 | Desolati | Got a transparent silver ring
 30268 | Desolati | Identified Xeoptat's Collected Works on Creation and Clay
 30276 | Desolati | Identified the ring "Natwac" {*Tele *Contam rElec rPois rN+} (You found it in the Desolation of Salt)
 30283 | Desolati | Got a transparent graven amulet
 30284 | Desolati | Identified the amulet of the Ego {Harm *Drain rPois} (You found it in the Desolation of Salt)
 30320 | Desolati | Gained mutation: You occasionally shout uncontrollably at your foes. [mutagenic glow]
 30345 | Desolati | Received a gift from Okawaru
 30382 | Desolati | Got a ruby-encrusted ring mail {god gift}
 30438 | Desolati | Reached XP level 20. HP: 103/135 MP: 25/25
 30748 | Vaults:2 | Identified the +7 ring mail of Pecess {rElec rF+ Regen+} (Okawaru gifted it to you in the Desolation of Salt)
 30817 | Vaults:2 | Noticed Margery
 30844 | Vaults:2 | Killed Margery
 31441 | Vaults:2 | Noticed Jory
 31456 | Vaults:2 | Killed Jory
 31623 | Vaults:2 | Found a staircase to the Crypt.
 31623 | Vaults:2 | Found an ancient bone altar of Kikubaaqudgha.
 31624 | Vaults:2 | Found a basalt altar of Yredelemnul.
 31995 | Vaults:3 | Received a gift from Okawaru
 32078 | Vaults:3 | Found a portal to a secret trove of treasure.
 32133 | Vaults:3 | Reached skill level 18 in Shields
 32320 | Vaults:3 | Noticed Mara
 32348 | Vaults:3 | Noticed kirei's illusion
 32365 | Vaults:3 | Noticed kirei's illusion
 32456 | Vaults:3 | Killed Mara
 32743 | Vaults:3 | Received a gift from Okawaru
 32795 | Vaults:3 | Reached XP level 21. HP: 141/141 MP: 26/26
 33140 | Vaults:3 | Received a gift from Okawaru
 33141 | Vaults:3 | Got a polished scimitar {god gift}
 33142 | Vaults:3 | Identified the +9 scimitar of Okawaru's Outrage {freeze, rF+ Int+3 SInv} (Okawaru gifted it to you on level 3 of the Vaults)
 33603 | Vaults:4 | Reached skill level 10 in Dodging
 34072 | Vaults:4 | Received a gift from Okawaru
 34087 | Vaults:4 | Reached skill level 19 in Shields
 34298 | Vaults:4 | Found Eckiti's Jewellery Boutique.
 35027 | Vaults:5 | Entered Level 5 of the Vaults
 35030 | Vaults:5 | Noticed an ancient lich
 35212 | Vaults:5 | Received a gift from Okawaru
 35219 | Vaults:5 | Reached XP level 22. HP: 75/148 MP: 24/27
 35222 | Vaults:5 | Killed an ancient lich
 35255 | Vaults:5 | Found Qekhlytto's Weapon Boutique.
 35399 | Vaults:5 | Reached skill level 20 in Shields
 35415 | Vaults:5 | Received a gift from Okawaru
 35442 | Vaults:5 | Noticed an ancient lich
 35674 | Vaults:5 | Cast into level 2 of the Abyss (a deep elf demonologist)
 35674 | Abyss:2  | Found a corrupted altar of Lugonu.
 35689 | Vaults:5 | Escaped the Abyss
 35781 | Vaults:5 | Killed an ancient lich
 35827 | Vaults:5 | Reached XP level 23. HP: 87/155 MP: 26/28
 35959 | Vaults:5 | Noticed a golden dragon
 35986 | Vaults:5 | Killed a golden dragon
 36032 | Vaults:5 | Received a gift from Okawaru
 36179 | Vaults:5 | Got a pair of ichor-stained boots {god gift}
 36369 | Vaults:5 | Found Kazxelih's Jewellery Shop.
 36411 | Vaults:5 | Found Zujor's Antique Armour Shoppe.
 36470 | Vaults:5 | Identified the +2 pair of boots of Niew {rElec rPois MP-9 SInv} (Okawaru gifted it to you on level 5 of the Vaults)
 36684 | Vaults:5 | Gained mutation: You are frail. (-10% HP) [a shining eye]
 36687 | Vaults:5 | Gained mutation: Your spells are a little easier to cast, but a little less powerful. [a shining eye]
 36688 | Vaults:5 | Gained mutation: You are very frail. (-20% HP) [a shining eye]
 36919 | Vaults:5 | Found Heyrulol's Food Shoppe.
 36925 | Vaults:5 | Found Hontal's Food Boutique.
 36946 | Vaults:5 | Found Jotanol's Food Shop.
 36963 | Vaults:5 | Found Ogee's Food Shop.
 36967 | Vaults:5 | Got a silver rune of Zot
 36982 | Vaults:5 | Found Quigauno's Magic Scroll Boutique.
 36986 | Vaults:5 | Bought a scroll of fog for 22 gold pieces
 36986 | Vaults:5 | Bought a scroll of enchant armour for 82 gold pieces
 36986 | Vaults:5 | Bought a scroll of blinking for 82 gold pieces
 36986 | Vaults:5 | Bought a scroll of teleportation for 33 gold pieces
 36996 | Vaults:5 | Found Umumu's Distillery.
 36996 | Vaults:5 | Found Enel's Food Shop.
 37000 | Vaults:5 | Bought a potion of haste for 120 gold pieces
 37000 | Vaults:5 | Bought a potion of might for 48 gold pieces
 37000 | Vaults:5 | Bought a potion of curing for 36 gold pieces
 37000 | Vaults:5 | Bought a potion of curing for 36 gold pieces
 37000 | Vaults:5 | Bought a potion of curing for 36 gold pieces
 37000 | Vaults:5 | Bought a potion of curing for 36 gold pieces
 37000 | Vaults:5 | Bought a potion of heal wounds for 60 gold pieces
 37000 | Vaults:5 | Bought 2 potions of agility for 96 gold pieces
 37014 | Vaults:5 | Found Owomepla's Magic Scroll Shoppe.
 37018 | Vaults:5 | Bought a scroll of teleportation for 54 gold pieces
 37018 | Vaults:5 | Bought a scroll of blinking for 135 gold pieces
 37018 | Vaults:5 | Bought a scroll of holy word for 135 gold pieces
 37018 | Vaults:5 | Bought a scroll of teleportation for 54 gold pieces
 37265 | Depths:1 | Entered Level 1 of the Depths
 37270 | Depths:1 | Reached skill level 21 in Shields
 37514 | Lair:1   | Lost mutation: You are very frail. (-20% HP) [potion of mutation]
 37514 | Lair:1   | Lost mutation: You occasionally shout uncontrollably at your foes. [potion of mutation]
 37514 | Lair:1   | Lost mutation: Your spells are a little easier to cast, but a little less powerful. [potion of mutation]
 37514 | Lair:1   | Gained mutation: Your mind is acute. (Int +2) [potion of mutation]
 37514 | Lair:1   | Gained mutation: Your muscles are strong. (Str +2) [potion of mutation]
 37514 | Lair:1   | Gained mutation: You have sharp fingernails. [potion of mutation]
 37515 | Lair:1   | Lost mutation: Your muscles are strong. (Str +2) [potion of mutation]
 37515 | Lair:1   | Lost mutation: You are frail. (-10% HP) [potion of mutation]
 37515 | Lair:1   | Lost mutation: Your mind is acute. (Int +2) [potion of mutation]
 37515 | Lair:1   | Gained mutation: Your mind is acute. (Int +2) [potion of mutation]
 37515 | Lair:1   | Gained mutation: You have large cloven feet. [potion of mutation]
 37708 | Depths:1 | Found a one-way gate to the infinite horrors of the Abyss.
 37750 | Depths:1 | Found a flickering gateway to a bazaar.
 37757 | Bazaar   | Entered a bazaar
 37757 | Bazaar   | Found Dophucse's Weapon Shop.
 37757 | Bazaar   | Found Bownuegg's Assorted Antiques.
 37757 | Bazaar   | Found Jeiskaoh's Distillery.
 37757 | Bazaar   | Found Komeh's General Store.
 37759 | Bazaar   | Found Sorul's Jewellery Boutique.
 37759 | Bazaar   | Found Teimups's Assorted Antiques.
 37764 | Bazaar   | Bought a potion of curing for 24 gold pieces
 37764 | Bazaar   | Bought a potion of cancellation for 64 gold pieces
 37764 | Bazaar   | Bought 2 potions of mutation for 128 gold pieces
 37764 | Bazaar   | Bought a potion of curing for 24 gold pieces
 37764 | Bazaar   | Bought a potion of agility for 32 gold pieces
 37764 | Bazaar   | Bought a potion of curing for 24 gold pieces
 37764 | Bazaar   | Bought a potion of heal wounds for 40 gold pieces
 37764 | Bazaar   | Bought a potion of haste for 80 gold pieces
 37772 | Bazaar   | Bought a scroll of blinking for 187 gold pieces
 37772 | Bazaar   | Bought a scroll of fog for 50 gold pieces
 37772 | Bazaar   | Bought a heavily runed cloak for 237 gold pieces
 37772 | Bazaar   | Bought a scroll of acquirement for 1300 gold pieces
 37772 | Bazaar   | Bought a scroll of teleportation for 75 gold pieces
 37775 | Bazaar   | Bought a potion of heal wounds for 55 gold pieces
 37775 | Bazaar   | Bought a +5 amulet of reflection for 453 gold pieces
 37778 | Bazaar   | Bought a potion of curing for 72 gold pieces
 37814 | Depths:1 | Identified the cursed +0 cloak of the Hart {Int+7} (You bought it in a shop in a bazaar)
 37929 | Depths:1 | Found a gateway to Hell.
 38171 | Depths:1 | Identified Dutiahoe's Volume of the Entourage and Flight
 38405 | Depths:2 | Found a one-way gate leading to the halls of Pandemonium.
 38469 | Depths:2 | Received a gift from Okawaru
 38470 | Depths:2 | Got a heavily runed ring mail {god gift}
 38478 | Depths:2 | Identified the +0 ring mail of the Mackerel {rCorr Dex+3} (Okawaru gifted it to you on level 2 of the Depths)
 38731 | Depths:2 | Found a runed door.
 38731 | Depths:2 | Noticed a juggernaut
 38733 | Depths:2 | Noticed a caustic shrike
 38734 | Depths:2 | Found the +5 robe of Night {Dark MR+ SInv}
 38755 | Depths:2 | Killed a juggernaut
 38755 | Depths:2 | Reached XP level 24. HP: 141/162 MP: 28/28
 38767 | Depths:2 | Killed a caustic shrike
 38791 | Depths:2 | Identified Qythihoe's Guide on Attacks and the Frostbite
 39618 | Depths:3 | Received a gift from Okawaru
 39718 | Depths:3 | Reached skill level 22 in Shields
 39851 | Depths:3 | Got a smoking bronze ring
 39853 | Depths:3 | Got a twisted falchion
 39854 | Depths:3 | Identified the +10 falchion of Shrieking Terror {slice, +Fly rPois rF- rC++} (You found it on level 3 of the Depths)
 39856 | Depths:3 | Identified the ring of Sotefrih {AC+6 Int+4} (You found it on level 3 of the Depths)
 40009 | Depths:3 | Found a flickering gateway to a bazaar.
 40028 | Bazaar   | Entered a bazaar
 40028 | Bazaar   | Found Lesixos's General Store.
 40028 | Bazaar   | Found Hepner's Antique Weapon Shop.
 40045 | Bazaar   | Bought a scroll of blinking for 82 gold pieces
 40045 | Bazaar   | Bought a potion of heal wounds for 55 gold pieces
 40079 | Bazaar   | Found Vup Wong's Antique Armour Shop.
 40519 | Depths:3 | Found a gateway to a ziggurat.
 40649 | Depths:3 | Upgraded the game from 0.23-a0-94-g44dc95ea49 to 0.23-a0-99-g417c70ba38
 40818 | Depths:4 | Received a gift from Okawaru
 40819 | Depths:4 | Got a bloodstained long sword {god gift}
 40864 | Depths:4 | Identified the +11 long sword of the Queens {pain, Dex+4} (Okawaru gifted it to you on level 4 of the Depths)
 41083 | D:15     | Fell from the grace of Okawaru
 41084 | D:15     | Became a worshipper of the Shining One
 41274 | Depths:4 | Reached * piety under the Shining One
 41967 | Vaults:3 | You paid a toll of a +4 demon whip to enter a treasure trove
 41968 | Trove    | Entered a treasure trove
 41971 | Trove    | Found the +2 hat of the Bear Spirit {Spirit, +Rage rN+ MR++}
 42000 | Trove    | Got an ancient hat
 42002 | Trove    | Identified the -1 hat of Baldness {rN+} (You found it in a treasure trove)
 42004 | Trove    | Got a pair of transparent boots
 42005 | Trove    | Identified the +0 pair of boots of Parts Unknown {-Tele Regen+ Str+2} (You found it in a treasure trove)
 42008 | Trove    | Got a faintly glowing cloak
 42009 | Trove    | Identified the +1 cloak "Juatt" {rPois} (You found it in a treasure trove)
 42020 | Trove    | Got a scorched crystal plate armour
 42021 | Trove    | Identified the +0 crystal plate armour of Pizin {rF+ Int+3 Dex+4} (You found it in a treasure trove)
 42553 | Depths:4 | Reached XP level 25. HP: 169/169 MP: 29/29
 42930 | Depths:5 | Entered Level 5 of the Depths
 42997 | Depths:5 | Reached ** piety under the Shining One
 43053 | Depths:5 | Noticed Sojobo
 43088 | Depths:5 | Killed Sojobo
 43819 | Depths:5 | Found a gate to the Realm of Zot.
 44106 | Depths:5 | Found Jacuazew's General Store.
 44109 | Depths:5 | Bought a scroll of teleportation for 33 gold pieces
 44550 | Slime:1  | Entered Level 1 of the Pits of Slime
 44886 | Slime:1  | Reached *** piety under the Shining One
 44902 | Slime:3  | Gained mutation: You are frail. (-10% HP) [a shining eye]
 44913 | Slime:5  | Entered Level 5 of the Pits of Slime
 45007 | Slime:5  | Noticed the Royal Jelly
 45121 | Slime:5  | Lost mutation: Your mind is acute. (Int +2) [a shining eye]
 45140 | Slime:5  | Gained mutation: Your body sometimes deteriorates upon taking damage. [a shining eye]
 45168 | Slime:5  | HP: 5/153 [acid[the Royal Jelly] (14)]
 45171 | Slime:5  | Splashed by an acid blob's acid

Vault maps used:
D:1:      minmay_arrival_up_and_down
D:2:      okawaru_trees_1, grunt_dithmenos_smoke_and_mirrors, first_ration
D:3:      kennysheep_six_static_rooms, elyvilon_altar_4, uniq_grinder
D:4:      lemuel_round_altar, minmay_temple_entry_nine_rooms, uniq_natasha,
          uniq_duvessa
D:5:      lemuel_coloured_pillars_altar, palyth_stone_intersect, st_stairs_12
D:6:      overflow_temple_1_default, lemuel_crystal_altar,
          nicolae_overflow_crystal_walls, grunt_ministairs_13
D:7:      dancing_weapons_uskayaw, basic_altar, hangedman_decor_clover_reticule
D:8:      kennysheep_little_box, old_standard_altar, uniq_maurice
D:9:      david_lair_generic, orc_0_dummy, uniq_harold
D:10:     minmay_chopped_fan, david_nohive_1, fedhas_altar_1
D:11:     lightli_corner_chamber
D:12:     ebering_ghost_reflecting_pool
D:13:     biasface_ghost_orc_armoury, uniq_erolcha, uniq_nessos
D:14:     david_vaults_2, lemuel_crystal_altar
D:15:     gammafunk_depths_entry_grave, roderic_malta_cross, lemuel_angel_altar
Lair:1:   grunt_megastairs_2, infiniplex_staircase_pool_2
Lair:2:   elwin_shoals_entry_stream, guppyfry_snake_entry_garden,
          grunt_megastairs_3, lemuel_fruit_fields
Lair:3:   zaba_antful_of_joy, uniq_snorg
Lair:4:   grunt_megastairs_4
Lair:5:   gammafunk_cloud_chamber, slime_altar_1, lab_entry_generic,
          hibernation_bobbens
Lair:6:   hangedman_lair_caniforms_friends, hangedman_lair_tendril_chambers,
          nicolae_quartered_pool_medium
Shoals:1: serial_shops, shop, wheals_shoals_ruined_temple
Shoals:2: uniq_roxanne
Shoals:3: nicolae_shoals_square_sea_wall
Shoals:4: shoals_end_grunt_garden, ebering_ghost_davey_jones
Snake:1:  uniq_asterion, uniq_frances
Snake:3:  serial_shops, nicolae_shop_behind_doors, nicolae_shop_statue_plus,
          grunt_ministairs_2, basic_stair_grate_trap
Snake:4:  snake_pit, nicolae_snake_linked_coils
Slime:2:  basic_altar
Orc:1:    enter_bailey_5, led_sif_book, uniq_erica
Orc:2:    st_orc_mages
Vaults:1: ploomutoo_gammafunk_vaults_potion_laboratory,
          nicolae_vaults_little_squares_6, v_rooms_5, hangedman_vaults_nails,
          vaults_room_door_ring, v_misc_1, v_misc_33,
          nicolae_vaults_network_square, vaults_room_pools
Vaults:2: vaults_dpeg_diagonal, ontoclasm_vaults_hangar, nicolae_vaults_theta,
          minmay_crypt_entry_necro_gods, grunt_vaults_diagonal, stair_cage_open,
          hangedman_vaults_variations, v_misc_3, vaults_room_fours, v_misc_15,
          st_cells, portal_desolation_entry_salt, uniq_margery, uniq_jory
Vaults:3: nicolae_vaults_three_branches, serial_ice_m, grunt_vaults_focal,
          v_misc_33, hangedman_vaults_restitches, nicolae_vaults_ninety_degrees,
          nicolae_vaults_yaktaur_gun_rack, v_alt_pattern_1, v_alt_pattern_1,
          nicolae_vaults_quartermaster, ontoclasm_vaults_ring_large,
          nicolae_vaults_puzzle_piece, ontoclasm_vaults_hangar,
          nicolae_vaults_little_squares_2, nicolae_trove_entry_free_sample,
          uniq_mara
Vaults:4: dpeg_vaults_monster_row, hangedman_vaults_snaps,
          nicolae_vaults_circle_grid_a, v_pattern_1, hangedman_vaults_trim,
          v_misc_10, v_rooms_6, ontoclasm_vaults_loading_screen,
          ontoclasm_vaults_gateway, serial_shops, shop
Depths:1: serial_sigils, serial_sigils_hangedman_gnaw,
          serial_sigils_hangedman_carve, serial_sigils_hangedman_leer,
          serial_sigils_hangedman_stare, serial_sigils_hangedman_quiver,
          serial_shops, bzr_entry_lakeside, abyss_entry_crystal, hell_entry,
          laboratory
Depths:2: minmay_gate_of_8, hangedman_abyss_entry_splay,
          minmay_misc_feat_more_columns, hell_entry, pan_entry,
          minmay_misc_feat_rows
Depths:3: kennysheep_demon_jail, enter_ziggurat_a, pf_hell_entry_great_geh,
          rand_demon_pan_entry_4, minmay_holes, serial_shops, freezing_bzr
Depths:4: minmay_containers, hell_entry, nrook_uturn, abyss_entry
Depths:5: evilmike_zot_entry_basic, serial_column_ruins, column_ruins_grid_3,
          column_ruins_open_tiny_water, column_ruins_open_tiny,
          grunt_pan_entry_sceptre, serial_shops, nicolae_shop_trees,
          minmay_misc_feat_tower, pf_coc_iceberg, uniq_sojobo
Abyss:2:  hangedman_abyss_or_decor_jellyfish_corner
Bazaar:   bazaar_minmay_generic_island, bazaar_jpeg_cross
Trove:    trove_armour_2
Bailey:   bailey_axe_of_yendor_kennysheep, bailey

Skill      XL: |  1  2  3  4  5  6  7  8  9 10 11 12 13 14 15 16 17 18 19 20 21 22 23 24 25 |
---------------+----------------------------------------------------------------------------+-----
Armour         | 2 4 5 7 8 9 11 12 13 14 15 16 17 18 19 | 19.2
Fighting       | 8 9 10 11 12 13 14 15 16 17 18 19 20 | 20.9
Maces & Flails | 1 3 5 6 8 9 10 | 10.8
Invocations    | 2 3 4 5 6 7 8 9 |  9.7
Shields        | 2 3 5 6 9 10 11 12 13 14 15 16 17 18 19 20 21 22 | 22.8
Long Blades    | 1 6 8 10 12 13 14 15 16 17 18 | 18.5
Dodging        | 3 5 7 8 9 10 11 12 13 14 | 14.2
Stealth        | |  2.1

Action                   |  1- 3 |  4- 6 |  7- 9 | 10-12 | 13-15 | 16-18 | 19-21 | 22-24 | 25-27 || total
-------------------------+-------+-------+-------+-------+-------+-------+-------+-------+-------++-------
Melee: Spear             |    63 |       |       |       |       |       |       |       |       ||    63
       Flail             |    58 |   106 |   359 |       |       |       |       |       |       ||   523
       Morningstar       |       |       |   141 |   385 |       |       |       |       |       ||   526
       Scimitar          |       |       |       |   218 |  1101 |  1342 |  1435 |  1400 |   515 ||  6011
Throw: Javelin           |       |       |       |       |       |    27 |       |       |       ||    27
Invok: Heroism           |       |       |     5 |     5 |    12 |    20 |    25 |    22 |       ||    89
       Finesse           |       |       |       |     1 |     3 |     3 |     5 |     6 |       ||    18
       Renounce Religion |       |       |       |       |       |       |       |     1 |       ||     1
       Divine Shield     |       |       |       |       |       |       |       |       |     1 ||     1
 Abil: Fly               |       |       |       |       |     1 |       |       |       |     1 ||     2
       Stop Flying       |       |       |       |       |       |       |       |       |     1 ||     1
Evoke: Wand              |       |       |     9 |     9 |    31 |    35 |    10 |    12 |       ||   106
       Lightning rod     |       |       |       |       |     2 |    12 |     3 |       |       ||    17
       Box of beasts     |       |       |       |       |       |     2 |       |       |       ||     2
       Lamp of fire      |       |       |       |       |       |     1 |     2 |       |       ||     3
       Sack of spiders   |       |       |       |       |       |     5 |       |       |       ||     5
  Use: Scroll            |     4 |     3 |     9 |    10 |    13 |     9 |     9 |    18 |     4 ||    79
       Potion            |       |     1 |     1 |     1 |       |     1 |       |     5 |    11 ||    20
 Stab: Paralysed         |       |       |     4 |     5 |       |     1 |       |       |       ||    10
       Petrified         |       |       |       |       |     1 |       |       |       |       ||     1
       Distracted        |       |       |       |       |       |     1 |     1 |     1 |       ||     3
       Fleeing           |       |       |       |       |       |     1 |       |       |       ||     1
  Eat: Chunk             |     3 |     1 |    15 |    14 |    18 |     5 |    13 |     6 |       ||    75
       Ration            |       |       |       |       |     4 |     7 |     3 |     6 |     3 ||    23
Armor: Ring mail         |    49 |       |       |       |       |       |       |       |       ||    49
       Plate armour      |    24 |   125 |   308 |   365 |   355 |       |       |       |       ||  1177
       Pearl dragon scal |       |       |       |       |   349 |   588 |   324 |       |       ||  1261
       Gold dragon scale |       |       |       |       |       |       |    71 |   374 |       ||   445
       Crystal plate arm |       |       |       |       |       |       |       |     3 |   237 ||   240
Dodge: Dodged            |    51 |    20 |    86 |   114 |   308 |   539 |   396 |   290 |   212 ||  2016
Block: Shield            |       |    55 |   260 |   361 |   742 |   967 |   435 |       |       ||  2820
       Large shield      |       |       |       |       |       |       |   636 |  1425 |   727 ||  2788
       Reflection        |       |       |       |       |       |       |       |    42 |    36 ||    78
       Rpst.: Scimitar   |       |       |       |    14 |    83 |    65 |    92 |    37 |    19 ||   310

Table legend:
 A = Non-vault XP
 B = Vault XP
 C = Vault XP percentage of total XP
 D = Non-vault monster count
 E = Vault monster count
 F = Vault count percentage of total count
                 A         B        C        D         E       F
            +---------+---------+-------+---------+---------+-------
      Total |  591729 |  467533 |  44.1 |    1314 |     702 |  34.8
            +---------+---------+-------+---------+---------+-------
        D:1 |      18 |       0 |   0.0 |      11 |       0 |   0.0
        D:2 |      40 |       0 |   0.0 |      12 |       0 |   0.0
        D:3 |     313 |       0 |   0.0 |      24 |       0 |   0.0
        D:4 |     954 |       0 |   0.0 |      23 |       0 |   0.0
        D:5 |     539 |       0 |   0.0 |      22 |       0 |   0.0
        D:6 |     509 |       0 |   0.0 |      19 |       0 |   0.0
        D:7 |     563 |       0 |   0.0 |      17 |       0 |   0.0
        D:8 |    1412 |       0 |   0.0 |      20 |       0 |   0.0
        D:9 |    3951 |       0 |   0.0 |      23 |       0 |   0.0
       D:10 |    6573 |       0 |   0.0 |      43 |       0 |   0.0
       D:11 |    3732 |       0 |   0.0 |      28 |       0 |   0.0
       D:12 |    3377 |       0 |   0.0 |      19 |       0 |   0.0
       D:13 |   11155 |       0 |   0.0 |      42 |       0 |   0.0
       D:14 |    6426 |       0 |   0.0 |      21 |       0 |   0.0
       D:15 |   19482 |    5664 |  22.5 |      42 |       8 |  16.0
     Lair:1 |    5485 |     581 |   9.6 |      15 |       5 |  25.0
     Lair:2 |    2269 |    2285 |  50.2 |      11 |       8 |  42.1
     Lair:3 |    1026 |    3584 |  77.7 |       3 |      30 |  90.9
     Lair:4 |    2418 |     370 |  13.3 |       8 |       1 |  11.1
     Lair:5 |    6057 |     478 |   7.3 |      23 |       6 |  20.7
     Lair:6 |    9476 |   20717 |  68.6 |      29 |      95 |  76.6
   Shoals:1 |   12106 |    3347 |  21.7 |      25 |       3 |  10.7
   Shoals:2 |    9944 |    1823 |  15.5 |      22 |       1 |   4.3
   Shoals:3 |   21444 |       0 |   0.0 |      40 |       0 |   0.0
   Shoals:4 |    9147 |   14033 |  60.5 |      23 |      23 |  50.0
    Snake:1 |   18549 |    4500 |  19.5 |      45 |       2 |   4.3
    Snake:2 |   16030 |       0 |   0.0 |      25 |       0 |   0.0
    Snake:3 |   14227 |    2346 |  14.2 |      26 |       2 |   7.1
    Snake:4 |   26450 |   30857 |  53.8 |      58 |      45 |  43.7
    Slime:1 |    2546 |       0 |   0.0 |       8 |       0 |   0.0
    Slime:2 |     553 |       0 |   0.0 |       1 |       0 |   0.0
    Slime:5 |    3965 |   10601 |  72.8 |       5 |       7 |  58.3
      Orc:1 |    2353 |     964 |  29.1 |      39 |       7 |  15.2
      Orc:2 |    7749 |    4944 |  39.0 |      62 |      42 |  40.4
   Vaults:1 |   19205 |    7878 |  29.1 |      29 |      17 |  37.0
   Vaults:2 |   24912 |   26391 |  51.4 |      44 |      26 |  37.1
   Vaults:3 |   38922 |   32942 |  45.8 |      58 |      41 |  41.4
   Vaults:4 |   34562 |   33686 |  49.4 |      56 |      45 |  44.6
   Vaults:5 |   32575 |  142971 |  81.4 |      47 |      90 |  65.7
   Depths:1 |   29943 |    2817 |   8.6 |      35 |      12 |  25.5
   Depths:2 |   48444 |   23413 |  32.6 |      53 |       8 |  13.1
   Depths:3 |   29363 |   16124 |  35.4 |      42 |      28 |  40.0
   Depths:4 |   60939 |    9115 |  13.0 |      65 |       6 |   8.5
   Depths:5 |   42026 |   19011 |  31.1 |      51 |      12 |  19.0
     Bailey |       0 |    3626 | 100.0 |       0 |      44 | 100.0
 Desolation |       0 |   42465 | 100.0 |       0 |      88 | 100.0
            +---------+---------+-------+---------+---------+-------
